 Dungeon Crawl Stone Soup version 0.30.1-9-gdf580d7c3d (webtiles) character file.

Game seed: 18391957834535756978

13455 Wiggles the Severer (level 11, -1/100 HPs)
             Began as a Minotaur Berserker on Oct 15, 2023.
             Was an Elder of Trog.
             Slain by a skeletal warrior
             ... wielding a +0 trident of freezing
              (2 damage)
             ... on level 11 of the Dungeon.
             The game lasted 00:16:58 (11065 turns).

Wiggles the Severer (Minotaur Berserker)           Turns: 11065, Time: 00:16:59

Health: -1/100     AC: 22    Str: 27    XL:     11   Next: 75%
Magic:  10/10      EV:  9    Int:  4    God:    Trog [****..]
Gold:   671        SH:  0    Dex:  9    Spells: 10/10 levels left

rFire   . . .        y - +2 battleaxe (heavy)
rCold   . . .        (shield currently unavailable)
rNeg    . . .        i - +0 plate armour
rPois   .            (helmet restricted)
rElec   .            f - +0 cloak
rCorr   .            h - +1 pair of gloves
SInv    .            a - +1 pair of boots
Will    +....        (no amulet) Stlth
                     p - ring of willpower
HPRegen 0.36/turn    (no ring)
MPRegen 0.12/turn

%: no passive effects
@: on berserk cooldown, slowed, studying Maces & Flails, very slow
A: horns 2, retaliatory headbutt
a: Renounce Religion, Berserk, Trog's Hand, Brothers in Arms


You were on level 11 of the Dungeon.
You worshipped Trog.
Trog was greatly pleased with you.
You visited 1 branch of the dungeon, and saw 11 of its levels.

You collected 671 gold pieces.

Inventory:

Hand Weapons
 q - a +2 battleaxe
 y - a +2 heavy battleaxe (weapon)
Armour
 a - a +1 pair of boots (worn)
 f - a +0 cloak (worn)
 h - a +1 pair of gloves (worn)
 i - a +0 plate armour (worn)
Jewellery
 c - a +6 ring of intelligence
 p - a ring of willpower (left hand)
Wands
 m - a wand of paralysis (12)
 o - a wand of flame (7)
 v - a wand of polymorph (5)
Scrolls
 b - 6 scrolls of identify
 e - a scroll of silence
 g - 6 scrolls of teleportation
 j - 2 scrolls of poison
 s - a scroll of summoning
 t - 2 scrolls of blinking
 u - a scroll of fear
 z - a scroll of magic mapping
Potions
 d - 2 potions of magic
 k - a potion of invisibility
 l - a potion of curing
 n - 2 potions of flight
 r - 2 potions of brilliance
 w - a potion of mutation
 x - 2 potions of resistance
 A - 2 potions of haste


   Skills:
 + Level 10.3 Fighting
 + Level 16.1 Axes
 + Level 12.6 Armour
 + Level 3.9 Dodging
 + Level 1.0 Stealth
 + Level 0.8 Evocations


You had 10 spell levels left.
You didn't know any spells.
Your spell library was empty.

Dungeon Overview and Level Annotations

Branches:
Dungeon (11/15)            Temple (0/1) D:5            Lair (0/5) D:10
    Orc: D:9-12

Altars:
Dithmenos
Hepliaklqana
Kikubaaqudgha
Makhleb
Okawaru
Ru
Sif Muna
Wu Jian

Shops:
D:3 ?


Innate Abilities, Weirdness & Mutations

You have a pair of horns on your head.
You reflexively headbutt those who attack you in melee.


Message History

You are exhausted.
You feel yourself slow down.
A green ugly thing comes into view.
Things that are here:
a +0 scimitar; a +0 battleaxe; a +0 trident You barely miss the skeletal warrior.
Your headbutt misses the skeletal warrior.
The skeletal warrior hits you but does no damage.
The skeletal warrior barely misses you.
The skeletal warrior hits you from afar with a +0 halberd!
The skeletal warrior hits you but does no damage.
You slice the skeletal warrior like a ripe choko!!!
You headbutt the skeletal warrior.
The skeletal warrior is severely damaged.
The skeletal warrior hits you from afar with a +0 halberd.
The skeletal warrior hits you with a +0 trident of freezing.
The skeletal warrior freezes you.
The skeletal warrior hits you with a +0 trident of freezing.
The skeletal warrior freezes you.
The skeletal warrior hits you from afar with a +0 halberd!
The skeletal warrior hits you but does no damage. x2
You hit the skeletal warrior but do no damage.
Your headbutt misses the skeletal warrior.
The skeletal warrior is severely damaged.
The skeletal warrior hits you but does no damage.
The skeletal warrior hits you with a +0 trident of freezing!
* * * LOW HITPOINT WARNING * * *
The skeletal warrior freezes you.
* * * LOW HITPOINT WARNING * * *
You closely miss the skeletal warrior.
Your headbutt misses the skeletal warrior.
The skeletal warrior is severely damaged.
The skeletal warrior hits you from afar with a +0 halberd!
* * * LOW HITPOINT WARNING * * *
The skeletal warrior hits you but does no damage.
The skeletal warrior closely misses you.
The skeletal warrior hits you with a +0 trident of freezing.
* * * LOW HITPOINT WARNING * * *
The skeletal warrior freezes you.
You die...

#....#.######
#....#.#
#..###.#
#......#
#...#### #...#
# #...#
##..######...#
#..uzz@.....#
##..######.#.#
# #.#.# #...#
#####


You could see a green ugly thing and 2 skeletal warriors.

Vanquished Creatures
  2 two-headed ogres (D:11)
  Amaemon (D:8)
  3 skeletal warriors (D:11)
  An ugly thing (D:9)
  A cyclops (D:11)
  5 orange demons
  A red devil (D:10)
  4 trolls
  A hornet (D:11)
  3 shadows
  7 yaks (D:9)
  5 steam dragons
  4 water moccasins
  2 orc warriors
  3 sky beasts
  An ice beast (D:7)
  2 black bears (D:6)
  5 centaurs
  2 phantoms
  A kobold brigand (D:9)
  A gnoll sergeant (D:5)
  3 bullfrogs
  2 scorpions
  12 wights
  A howler monkey (D:4)
  4 electric eels (D:9)
  A jelly (D:4)
  A quasit (D:6)
  3 hounds (D:5)
  5 orc priests
  3 iguanas
  11 orc wizards
  3 sleepcaps
  Robin (D:3)
  5 gnolls (D:5)
  5 adders
  2 shadow imps
  2 white imps
  6 ufetubi
  3 worms
  4 dart slugs
  36 orcs
  6 bats
  13 endoplasms
  3 giant cockroaches
  16 goblins
  11 hobgoblins
  16 kobolds
  7 quokkas
  11 ball pythons
  4 frilled lizards
  5 rats
260 creatures vanquished.

Vanquished Creatures (collateral kills)
  An orange demon (D:10)
  A red devil (D:10)
2 creatures vanquished.

Vanquished Creatures (others)
  2 sky beasts (D:7)
  A white imp (D:7)
  An orc (D:7)
4 creatures vanquished.

Grand Total: 266 creatures vanquished

Notes
Turn   | Place    | Note
-------+----------+-------------------------------------------
     0 | D:1      | Wiggles the Minotaur Berserker began the quest for the Orb.
     0 | D:1      | Reached XP level 1. HP: 19/19 MP: 0/0
    87 | D:1      | Reached skill level 4 in Axes
    87 | D:1      | Reached XP level 2. HP: 20/27 MP: 1/1
   376 | D:1      | Found a faded altar of an unknown god.
   651 | D:1      | Reached XP level 3. HP: 33/33 MP: 2/2
   708 | D:1      | Reached ** piety under Trog
  1571 | D:2      | Reached XP level 4. HP: 41/41 MP: 3/3
  1802 | D:3      | Reached skill level 5 in Axes
  1825 | D:3      | Identified the +1 leather armour of Ahel {Str+4}
  1879 | D:3      | Noticed Robin
  1888 | D:3      | Killed Robin
  1952 | D:3      | Reached *** piety under Trog
  1969 | D:3      | Found Paetsost's Magic Scroll Shop.
  2050 | D:3      | Reached XP level 5. HP: 11/47 MP: 4/4
  2058 | D:3      | HP: 2/47 [poisoned by an orc priest]
  2354 | D:3      | Reached skill level 6 in Axes
  2400 | D:3      | Found an ornate altar of the Wu Jian Council.
  2733 | D:4      | Reached XP level 6. HP: 50/53 MP: 5/5
  3112 | D:4      | Noticed an orc warrior
  3121 | D:4      | Killed an orc warrior
  3122 | D:4      | Reached skill level 5 in Fighting
  3122 | D:4      | Reached skill level 7 in Axes
  3511 | D:5      | Entered Level 5 of the Dungeon
  3549 | D:5      | You fall into a shaft and drop 1 floor!
  3555 | D:6      | Noticed a water moccasin
  3563 | D:6      | Killed a water moccasin
  3564 | D:6      | Reached XP level 7. HP: 51/61 MP: 6/6
  3681 | D:6      | Reached skill level 8 in Axes
  3737 | D:6      | Noticed a steam dragon
  3745 | D:6      | Killed a steam dragon
  3757 | D:6      | Reached skill level 5 in Armour
  3775 | D:6      | Reached skill level 9 in Axes
  3901 | D:6      | Reached XP level 8. HP: 61/70 MP: 7/7
  3961 | D:6      | Reached **** piety under Trog
  4212 | D:5      | Found a staircase to the Ecumenical Temple.
  4611 | D:5      | Reached skill level 10 in Axes
  5108 | D:6      | Reached XP level 9. HP: 23/78 MP: 8/8
  5364 | D:6      | Reached skill level 11 in Axes
  5822 | D:7      | Reached ***** piety under Trog
  6041 | D:7      | Paralysed by a wight for 3 turns
  6057 | D:7      | Reached skill level 12 in Axes
  6306 | D:7      | Found a shadowy altar of Dithmenos.
  6930 | D:7      | Found a shimmering blue altar of Sif Muna.
  6930 | D:7      | Found an ancient bone altar of Kikubaaqudgha.
  6931 | D:7      | Found a hazy altar of Hepliaklqana.
  7311 | D:8      | Found a burning altar of Makhleb.
  7313 | D:8      | Noticed an Executioner
  7644 | D:8      | Found a sacrificial altar of Ru.
  7679 | D:8      | Noticed an orange demon
  7680 | D:8      | Noticed Amaemon
  7686 | D:8      | Killed an orange demon
  7687 | D:8      | Reached XP level 10. HP: 88/88 MP: 9/9
  7692 | D:8      | Killed Amaemon
  7693 | D:8      | Reached skill level 13 in Axes
  7696 | D:8      | HP: 1/90 [poisoned by Amaemon]
  8069 | D:9      | Received a gift from Trog
  8245 | D:9      | Reached skill level 10 in Armour
  8563 | D:9      | Noticed a brown ugly thing
  8570 | D:9      | Killed a brown ugly thing
  8660 | D:9      | Reached skill level 14 in Axes
  9336 | D:10     | Entered Level 10 of the Dungeon
  9512 | D:10     | Noticed an orange demon
  9512 | D:10     | Noticed an orange demon
  9512 | D:10     | Noticed an orange demon
  9518 | D:10     | Killed an orange demon
  9518 | D:10     | Killed an orange demon
  9520 | D:10     | Killed an orange demon
  9521 | D:10     | Reached XP level 11. HP: 97/97 MP: 10/10
  9757 | D:10     | Reached skill level 15 in Axes
 10187 | D:10     | Found an iron altar of Okawaru.
 10496 | D:10     | Found a staircase to the Lair.
 10690 | D:11     | Noticed a two-headed ogre
 10695 | D:11     | Killed a two-headed ogre
 10823 | D:11     | Noticed a two-headed ogre
 10829 | D:11     | Killed a two-headed ogre
 10830 | D:11     | Reached skill level 10 in Fighting
 11045 | D:11     | Noticed a skeletal warrior
 11046 | D:11     | Noticed a skeletal warrior
 11046 | D:11     | Noticed a skeletal warrior
 11046 | D:11     | Noticed a skeletal warrior
 11052 | D:11     | Killed a skeletal warrior
 11052 | D:11     | Noticed a skeletal warrior
 11055 | D:11     | Killed a skeletal warrior
 11056 | D:11     | Reached skill level 16 in Axes
 11060 | D:11     | Killed a skeletal warrior
 11061 | D:11     | Reached skill level 1 in Stealth
 11061 | D:11     | Noticed a green ugly thing
 11065 | D:11     | HP: 4/100 [skeletal warrior/+0 halberd (14)]
 11065 | D:11     | HP: 1/100 [skeletal warrior/+0 trident of freezing (3)]
 11065 | D:11     | Slain by a skeletal warrior

Illustrated notes

Levels and vault maps discovered:
D:1:      dpeg_arrival_arbitrary_b, layout_basic,
          shapermc_ecumenical_altar_notcrosses
D:2:      layout_basic
D:3:      layout_basic, nzn_wu_jian_contemplation, serial_shops,
          nicolae_shop_rolled_up, minmay_close_crescents, uniq_robin
D:4:      layout_gridville, chequers_jeans
D:5:      layout_cave_pods, minmay_temple_entry_stoned_glass,
          hangedman_minor_gate_pass
D:6:      minmay_angry_zag, layout_gridville, serial_demonic, serial_demonic_a,
          serial_demonic_c, serial_demonic_b, serial_demonic_f,
          minmay_misc_feat_rugged, mrwooster_statue_mirror
D:7:      layout_loops_ring, lemuel_round_altar,
          gammafunk_temple_overflow_forgotten, enter_bailey_3,
          hangedman_misty_isle
D:8:      layout_basic, hangedman_ru_absence, makhleb_altar_promises_db,
          minmay_hedge_maze, uniq_amaemon
D:9:      nicolae_moon_pools, layout_gridville
D:10:     layout_basic, mainiacjoe_overflow_catwalk, lair_entry_dummy,
          hex_intersection, minmay_beelzebubs_servants
D:11:     layout_basic, serial_shops, shop, minmay_mirror_moons_of_madness

Skill      XL: |  1  2  3  4  5  6  7  8  9 10 11 |
---------------+----------------------------------+-----
Axes           | 4 5 6 7 9 10 12 14 16 | 16.1
Fighting       | 4 5 6 8 9 10 | 10.3
Armour         | 3 4 5 7 9 11 12 | 12.6
Dodging        | 3 |  3.9
Stealth        | 1 |  1.0
Evocations     | |  0.8

Action                     |  1- 3 |  4- 6 |  7- 9 | 10-12 || total
---------------------------+-------+-------+-------+-------++-------
  Melee: Hand axe          |   105 |    55 |       |       ||   160
         Headbutt          |    12 |    18 |    39 |    21 ||    90
         Punch             |     1 |       |       |       ||     1
         War axe           |       |    58 |       |       ||    58
         Battleaxe         |       |    11 |   251 |   111 ||   373
 Invoke: Berserk           |       |     1 |     3 |     3 ||     7
         Brothers in Arms  |       |       |       |     1 ||     1
  Evoke: Wand              |       |       |       |     3 ||     3
    Use: Potion            |       |     2 |     2 |     3 ||     7
         Scroll            |       |    10 |     7 |     7 ||    24
 Armour: Animal skin       |     6 |       |       |       ||     6
         Leather armour    |    21 |       |       |       ||    21
         Plate armour      |    18 |    86 |   293 |   149 ||   546
  Dodge: Dodged            |    58 |    49 |   141 |    94 ||   342
